[Event "Live Chess"]
[Site "Chess.com"]
[Date "2023.05.21"]
[Round "-"]
[White "Shepherds_Pie"]
[Black "CheckThis4"]
[Result "0-1"]
[WhiteElo "1946"]
[BlackElo "2502"]
[TimeControl "300"]
[EndTime "4:01:12 PDT"]
[Termination "CheckThis4 won by resignation"]

1. c4 e5 2. Nc3 Nc6 3. Nf3 Nf6 4. e3 g6 5. d4 exd4 6. Nxd4 Bg7 7. Be2 O-O 8. O-O d6 9. Nxc6 bxc6 10. Bf3 Bd7 11. Qc2 Rb8 12. b3 c5 13. Bb2 Bg4 14. Bxg4 Nxg4 15.
h3 Ne5 16. Nd5 c6 17. Nf4 Qg5 18. Kh1 Rbd8 19. Rad1 Qh4 20. Ne2 Rfe8 21. f4 Ng4 22. Bxg7 Kxg7 23. Qc3+ Kg8 24. Rd3 Nf2+ 25. Kg1 Nxd3 26.
Qxd3 d5 27. Rd1 dxc4 0-1

[Event "Live Chess"]
[Site "Chess.com"]
[Date "2023.05.21"]
[Round "-"]
[White "Woodpusher500"]
[Black "mammamiatwo"]
[Result "0-1"]
[WhiteElo "996"]
[BlackElo "1373"]
[TimeControl "300"]
[EndTime "4:01:14 PDT"]
[Termination "mammamiatwo won on time"]

1. e4 e5 2. Nc3 c6 3. Nf3 Qf6 4. Bc4 h6 5. d3 Bc5 6. O-O d6 7.
Qe2 Ne7 8. Be3 Bb6 9. Bxb6 axb6 10. Rad1 O-O 11. d4 exd4 12. Nxd4 Qg6 13. g3 Bg4 14. f3 Bh3 15. Rf2 b5 16. Bb3 Nd7 17. a3 Ne5 18. f4 Bg4 19. Qe3 Bxd1 20. fxe5 Bg4 21. exd6 Qxd6 22. Nce2 Bxe2 23. Qxe2 Qxd4 24. Qf3 Rad8 25. Bxf7+ Kh8 26. Qf4 Qd1+ 27. Kg2 Qd4 28. c3 Qd6 29. e5 Qc5 30. Qe4 Nd5 31. Qg6 Ne3+ 32. Kh3 Qxe5 0-1

[Event "Live Chess"]
[Site "Chess.com"]
[Date "2023.05.21"]
[Round "-"]
[White "apl_trainer"]
[Black "JoRoSaR"]
[Result "1-0"]
[WhiteElo "1790"]
[BlackElo "1691"]
[TimeControl "300"]
[EndTime "4:01:17 PDT"]
[Termination "apl_trainer won by resignation"]

1. d4 e6 2. c4 f5 3. g3 Nf6 4.
Bg2 d6 5. Nf3 Be7 6. O-O O-O 7.
Nc3 Qe8 8. Re1 Nbd7 9. e4 fxe4 10. Nxe4 Nxe4 11. Rxe4 Nf6 12. Re1 Bd8 13. Ng5 h6 14.
Nxe6 Bxe6 15. d5 Qg6 16. dxe6 Re8 17. Bxb7 Rb8 18. Bc6 1-0

[Event "Live Chess"]
[Site "Chess.com"]
[Date "2023.05.21"]
[Round "-"]
[White "gmnorfolk"]
[Black "ZackirtyChess"]
[Result "1-0"]
[WhiteElo "2106"]
[BlackElo "1183"]
[TimeControl "300"]
[EndTime "4:01:36 PDT"]
[Termination "gmnorfolk won by checkmate"]

1. d4 d5 2. c4 e6 3. Nc3 Bb4 4. a3 Bxc3+ 5. bxc3 Nf6 6. e3 a6 7.
Bd3 dxc4 8. Bxc4 b5 9. Bd3 Bb7 10. Nf3 Nc6 11. O-O O-O 12. e4 h6 13. Qe2 Re8 14. Rd1 e5 15. d5 Ne7 16. a4 c6 17.
dxc6 Nxc6 18. axb5 axb5 19. Rxa8 Qxa8 20. Bxb5 Qa5 21.
c4 Re6 22. Bb2 Na7 23. Nxe5 Nxb5 24. cxb5 Bxe4 25. f3 Bh7 26. Qc4 Re7 27. Qc8+ Re8 28. Qb7 Qa4 29. Qxf7+ Kh8 30. Rd7 Nxd7 31. Ng6+ Bxg6 32.
Qxg7# 1-0

[Event "Live Chess"]
[Site "Chess.com"]
[Date "2023.05.21"]
[Round "-"]
[White "diana21strabt"]
[Black "raminguy"]
[Result "1-0"]
[WhiteElo "1759"]
[BlackElo "1964"]
[TimeControl "300"]
[EndTime "4:02:07 PDT"]
[Termination "diana21strabt won by resignation"]

1. e4 e5 2. Nf3 Nc6 3. d4 exd4 4. Bc4 Nf6 5. O-O Bc5 6. e5 d5 7. exf6 dxc4 8. fxg7 Rg8 9. Re1+ Be6 10. Ng5 Qf6 11.
Nxe6 fxe6 12. Qh5+ Kd7 13. Qxc5 Qxg7 14. g3 Raf8 15.
Qxc4 Qf6 16. Bf4 e5 17. Qd5+ Kc8 18. Nd2 exf4 19. Ne4 Qf7 20. Qxf7 Rxf7 21. Rad1 fxg3 22. fxg3 h5 23. Rf1 Re7 24. Nf6 Rh8 25. Nd5 Rg7 26. Rde1 h4 27. Rf3 hxg3 28. Rxg3 Rhg8 29. Kg2 Rxg3+ 30.
hxg3 Rg5 31. Ne7+ Nxe7 32. Rxe7 Rc5 33. Re2 Rg5 34. Kf3 Kd7 35. g4 Kd6 36. Kf4 Rg8 37.
g5 Rf8+ 38. Kg4 Kd5 39. g6 c5 40. Kg5 Rf1 41. Rg2 1-0

[Event "Live Chess"]
[Site "Chess.com"]
[Date "2023.05.21"]
[Round "-"]
[White "Biranidun"]
[Black "GwaryTek"]
[Result "1-0"]
[WhiteElo "2546"]
[BlackElo "2067"]
[TimeControl "300"]
[EndTime "4:02:24 PDT"]
[Termination "Biranidun won on time"]

1. e4 Nf6 2. e5 Nd5 3. d4 d6 4. Nf3 g6 5. Bc4 c6 6. O-O Bg7 7. exd6 exd6 8. Re1+ Be6 9. Ng5 O-O 10. Nxe6 fxe6 11. Rxe6 Qh4 12. g3 Qh3 13. Re2 Nd7 14.
Nc3 Nf6 15. Qf1 Qh5 16. Qg2 Kh8 17. Nxd5 cxd5 18. Bd3 Rae8 19. Rxe8 Rxe8 20. Bf4 Ne4 21. c3 g5 22. Be3 g4 23. Re1 Ng5 24. Re2 Nf3+ 25.
Kh1 a6 26. Bf4 Ne1 27. Rxe8+ Qxe8 28. Qf1 Nxd3 29. Qxd3 Qe1+ 30. Kg2 Qe6 31. Qe3 Qf7 32.
Bxd6 h6 33. Be5 1-0

[Event "Live Chess"]
[Site "Chess.com"]
[Date "2023.05.21"]
[Round "-"]
[White "MarkLim1"]
[Black "lateforthesky"]
[Result "0-1"]
[WhiteElo "1684"]
[BlackElo "2125"]
[TimeControl "300"]
[EndTime "4:02:29 PDT"]
[Termination "lateforthesky won by checkmate"]

1. d4 Nf6 2. Nf3 g6 3. c4 Bg7 4. Nc3 d6 5. e4 O-O 6. Be2 Na6 7. O-O e5 8. d5 Nc5 9. Qc2 a5 10. Bg5 h6 11. Be3 c6 12. Bxc5 dxc5 13. Nxe5 Re8 14.
Nf3 cxd5 15. cxd5 Ng4 16. Bb5 Bd7 17. Bxd7 Qxd7 18. Rfe1 b5 19. a4 b4 20. Nb5 Rac8 21.
Rad1 c4 22. h3 Ne5 23. Nxe5 Bxe5 24. Qe2 f5 25. f3 fxe4 26. fxe4 Rf8 27. Rc1 c3 28.
bxc3 bxc3 29. Qe3 Kg7 30. Qd3 Qe7 31. Rc2 Qh4 32. Re3 Qf4 33. Re1 Qh2# 0-1

[Event "Live Chess"]
[Site "Chess.com"]
[Date "2023.05.21"]
[Round "-"]
[White "risinghelios"]
[Black "McSlash1"]
[Result "1-0"]
[WhiteElo "1901"]
[BlackElo "2008"]
[TimeControl "300"]
[EndTime "4:02:30 PDT"]
[Termination "risinghelios won by resignation"]

1. e4 c5 2. c3 d5 3. exd5 Qxd5 4. d4 cxd4 5. cxd4 Nf6 6. Nf3 Bf5 7. Nc3 Qd8 8. Bb5+ Nbd7 9. O-O e6 10. Ne5 Be7 11. Bg5 O-O 12. Bxf6 Nxf6 13. g4 Bg6 14. f4 Nd5 15.
Nxd5 Qxd5 16. Be2 Rfd8 17. Nxg6 hxg6 18. Qb3 Qxd4+ 19. Kg2 b6 20. Rad1 Qe4+ 21. Bf3 Qxf4 22. Bxa8 Qxg4+ 23. Kh1 Rxa8 24. Qf3 Qxf3+ 25. Rxf3 Bf6 26.
Rd7 a5 27. Rb3 Rb8 28. Rbd3 b5 29. b3 a4 30. b4 Rc8 31. Rb7 Rc2 32. Rb8+ 1-0

[Event "Live Chess"]
[Site "Chess.com"]
[Date "2023.05.21"]
[Round "-"]
[White "WelshTiger"]
[Black "YrrriKharkiv"]
[Result "1-0"]
[WhiteElo "2326"]
[BlackElo "2062"]
[TimeControl "300"]
[EndTime "4:02:37 PDT"]
[Termination "WelshTiger won by resignation"]

1. e4 c5 2. Nf3 e6 3. c3 Nf6 4.
e5 Nd5 5. d4 d6 6. Bc4 Nb6 7. Bb3 dxe5 8. dxe5 Qd2+ 9. Bxd2 Be7 10. Qe2 Nc6 11. O-O Bd7 12. Na3 O-O 13.
Nc4 Nd5 14. Nd6 Rab8 15. Bxd5 exd5 16. Bg5 Bxd6 17. exd6 f6 18. Bf4 Rbe8 19. Qd2 1-0

[Event "Live Chess"]
[Site "Chess.com"]
[Date "2023.05.21"]
[Round "-"]
[White "LiamClery2020"]
[Black "DoYouLikeCurry"]
[Result "1-0"]
[WhiteElo "2002"]
[BlackElo "1400"]
[TimeControl "300"]
[EndTime "4:02:38 PDT"]
[Termination "LiamClery2020 won by resignation"]

1. e4 c6 2. d4 d5 3. Nc3 dxe4 4. Nxe4 Bf5 5. Ng3 Bg6 6. h4 h6 7. h5 Bh7 8. Nf3 Nd7 9. c3 e6 10. Bd3 Bxd3 11. Qxd3 Qc7 12. Ne4 Ngf6 13. Be3 Be7 14. Ng3 O-O 15. O-O-O a5 16. Rhe1 b5 17. Ne4 Rfb8 18.
Nxf6+ Nxf6 19. Qd2 b4 20. c4 a4 21. Bxh6 gxh6 22.
Qxh6 Bf8 23. Qg5+ Bg7 24. h6 Ne8 25. hxg7 Nxg7 26. Rh1 f6 27. Qxf6 Rf8 28. Qg6 Qf4+ 29. Rd2 Rf6 30. Qh7+ Kf7 31. Ne5+ Ke7 32. Qxg7+ Rf7 33.
Ng6+ Kd7 34. Ne5+ Ke7 35. Nxf7 Qxf7 36. Qg5+ Kd7 37. d5 1-0

[Event "Live Chess"]
[Site "Chess.com"]
[Date "2023.05.21"]
[Round "-"]
[White "JanMur7"]
[Black "RoaringKnights"]
[Result "1-0"]
[WhiteElo "1978"]
[BlackElo "1081"]
[TimeControl "300"]
[EndTime "4:02:52 PDT"]
[Termination "JanMur7 won by checkmate"]

1. e4 e5 2. Nf3 Nc6 3. Nc3 d6 4. Bc4 Bg4 5. h3 Bh5 6. Nxe5 dxe5 7. Qxh5 Qf6 8. Nd5 Qd6 9. O-O Nf6 10. Nxf6+ Qxf6 11. d3 Bc5 12. Bg5 Qg6 13. Qxg6 hxg6 14. Be3 O-O-O 15.
Bxc5 g5 16. Bxf7 Rh7 17. Be6+ Kb8 18. Bf5 Rh6 19. Be3 Rh5 20. Bg4 Rh7 21. Bxg5 Rdh8 22.
f4 exf4 23. Rxf4 Nd4 24. c3 Nc2 25. Raf1 Ne3 26. Rf8+ Rxf8 27. Rxf8# 1-0

[Event "Live Chess"]
[Site "Chess.com"]
[Date "2023.05.21"]
[Round "-"]
[White "Dhaydon19"]
[Black "NAZRIZ1977"]
[Result "1-0"]
[WhiteElo "2697"]
[BlackElo "1963"]
[TimeControl "300"]
[EndTime "4:03:03 PDT"]
[Termination "Dhaydon19 won by resignation"]

1. d4 Nf6 2. Nf3 g6 3. g3 Bg7 4. Bg2 O-O 5. O-O c5 6. c3 d5 7. dxc5 Na6 8. Be3 Ng4 9. Bf4 e5 10. Bg5 f6 11. Bc1 Nxc5 12. Nbd2 Be6 13. Nb3 Qc7 14. h3 Nh6 15. Nfd2 Nf7 16. Nxc5 Qxc5 17. Nb3 Qd6 18. Be3 Rfd8 19. Bc5 Qd7 20. Ba3 b6 21.
Kh2 Rac8 22. Qd2 Bh6 23. e3 Bg7 24. Rad1 a5 25. Qe2 a4 26. Nd2 Bf8 27. Bxf8 Kxf8 28. a3 Kg7 29. f4 Qd6 30. fxe5 Qxe5 31. Nf3 Qh5 32. Qf2 Ng5 33. Nxg5 Qxg5 34. Rd4 Rc4 35.
Rfd1 Rxd4 36. Rxd4 Qe5 37. Rxa4 h5 38. Ra7+ Rd7 39.
Rxd7+ Bxd7 40. Qf4 Qxf4 41. exf4 Be6 42. Kg1 Kf7 43. Kf2 Ke7 44. Ke3 Kd6 45. Kd4 g5 46.
fxg5 fxg5 47. h4 gxh4 48. gxh4 Bf7 49. Bf3 b5 50. b3 1-0

[Event "Live Chess"]
[Site "Chess.com"]
[Date "2023.05.21"]
[Round "-"]
[White "domrobson"]
[Black "Twickenham2014"]
[Result "1-0"]
[WhiteElo "1712"]
[BlackElo "2288"]
[TimeControl "300"]
[EndTime "4:03:07 PDT"]
[Termination "domrobson won by resignation"]

1. d4 Nf6 2. c4 c5 3. d5 e6 4. Nc3 exd5 5. cxd5 d6 6. e4 g6 7. Nf3 Bg7 8. Be2 O-O 9. O-O Bg4 10. h3 Bxf3 11. Bxf3 Nbd7 12. Bf4 Re8 13. Re1 Ne5 14. Bxe5 Rxe5 15. a4 a6 16. Qb3 Qc7 17. a5 Rae8 18. Qb6 Qxb6 19. axb6 Nd7 20. Na4 f5 21.
Rac1 fxe4 22. Bg4 Nf6 23. Be6+ Kf8 24. Nc3 Bh6 25. Rc2 e3 26. Rce2 exf2+ 27. Kxf2 Rxe2+ 28. Rxe2 Nh5 29. Kf3 Ng7 30. g4 Nxe6 31. dxe6 Bg7 32.
Nd5 Be5 33. e7+ Kf7 34. Ke4 Ke6 35. Nc7+ Kxe7 36. Nxe8 Kxe8 37. Kd5 Kd7 38. Rf2 Ke7 39. Re2 Kf6 40. Rf2+ Ke7 41. Re2 a5 42. b3 h6 43.
h4 g5 44. hxg5 hxg5 45. Re3 Kd7 46. Rf3 Bf4 47. Rh3 Ke7 48. Rh7+ Kd8 49. Rxb7 Kc8 50. Ra7 Kb8 51. Kc6 Be5 52. Re7 1-0

[Event "Live Chess"]
[Site "Chess.com"]
[Date "2023.05.21"]
[Round "-"]
[White "Swetha_Queen"]
[Black "Doge_Dandolo"]
[Result "0-1"]
[WhiteElo "352"]
[BlackElo "1872"]
[TimeControl "300"]
[EndTime "4:03:12 PDT"]
[Termination "Doge_Dandolo won by checkmate"]

1. e4 c6 2. Nf3 d5 3. exd5 cxd5 4. Ne5 Nf6 5. Bb5+ Nbd7 6. Bxd7+ Bxd7 7. Nxd7 Qxd7 8.
O-O e5 9. d3 Bd6 10. Be3 O-O 11. d4 e4 12. Nc3 Ng4 13. Nxd5 Bxh2+ 14. Kh1 Nxe3 15. Nxe3 Bc7 16. f3 exf3 17. Rxf3 Rae8 18. Nf5 Re6 19. Qd3 Rfe8 20. Rf4 Bxf4 21. Rf1 Bb8 22. Rf3 Qc7 23. Ne3 Qh2# 0-1

[Event "Live Chess"]
[Site "Chess.com"]
[Date "2023.05.21"]
[Round "-"]
[White "LL220284LL"]
[Black "FlorinHristea"]
[Result "1-0"]
[WhiteElo "2317"]
[BlackElo "1837"]
[TimeControl "300"]
[EndTime "4:03:13 PDT"]
[Termination "LL220284LL won by checkmate"]

1. b3 d5 2. Bb2 c5 3. Nf3 Bf5 4. e3 e6 5. d4 Nc6 6. Be2 Nf6 7. O-O Rc8 8. c3 Bd6 9. a3 Bb8 10. dxc5 Bg4 11. b4 Qc7 12. Nbd2 h5 13. Rc1 Ne5 14. g3 Rd8 15. c4 Nxf3+ 16. Bxf3 Bxf3 17. Qxf3 h4 18. cxd5 Rxd5 19. Nc4 hxg3 20. Nd6+ Ke7 21. fxg3 Rhh5 22. Bxf6+ gxf6 23. Qxf6+ Kd7 24. Qxf7+ Kc6 25. Qe8+ Qd7 26. b5+ Kc7 27. b6+ Kc6 28. Qxb8 axb6 29. cxb6+ Kxb6 30. Nc8+ Ka6 31. Qa7+ Kb5 32. Qb6+ Ka4 33. Qb4# 1-0

[Event "Live Chess"]
[Site "Chess.com"]
[Date "2023.05.21"]
[Round "-"]
[White "wot-not"]
[Black "defenderalist"]
[Result "0-1"]
[WhiteElo "1568"]
[BlackElo "1646"]
[TimeControl "300"]
[EndTime "4:03:20 PDT"]
[Termination "defenderalist won by resignation"]

1. d4 e6 2. c4 d5 3. Nc3 Nf6 4. Bg5 Be7 5. Nf3 Nbd7 6. e3 dxc4 7. Bxc4 c5 8. O-O O-O 9. Rc1 cxd4 10. Nxd4 Nb6 11. Bd3 h6 12. Bh4 Nfd5 13. Bxe7 Qxe7 14. Bb1 Nxc3 15. Rxc3 Nd5 16. Qc2 f5 17. Rc5 b6 18. Rc6 Bb7 19. Rxe6 Qg5 20. Qb3 Kh8 21. f3 f4 22. e4 Ne3 23. Rf2 Rac8 24. Bc2 h5 25. Rd6 Qe5 26. Rd7 Ba6 27. Nf5 g6 28. Nxe3 fxe3 29. Rf1 e2 30. Re1 Qc5+ 31. Kh1 Qf2 32.
Qb4 Qf1+ 0-1

[Event "Live Chess"]
[Site "Chess.com"]
[Date "2023.05.21"]
[Round "-"]
[White "Tiltador"]
[Black "Chesscoach_Golichenko"]
[Result "0-1"]
[WhiteElo "880"]
[BlackElo "2618"]
[TimeControl "300"]
[EndTime "4:03:23 PDT"]
[Termination "Chesscoach_Golichenko won by checkmate"]

1. e4 Nf6 2. f3 e5 3. d3 d5 4. g3 Nc6 5. Bg2 Bc5 6. Ne2 h5 7. Nec3 h4 8. gxh4 Be6 9. Bg5 Qd7 10. a3 O-O-O 11. b4 Bb6 12. Nxd5 Bxd5 13. exd5 Nxd5 14.
Bxd8 Qxd8 15. Qd2 Qxh4+ 16. Kd1 Ne3+ 17. Kc1 Nd4 18. Nc3 Nexc2 19. Ra2 Nb3+ 20. Kxc2 Nxd2 21. Kxd2 Bd4 22. Ne4 f5 23. Nc5 Qf2+ 24. Kc1 Qxa2 25. Rd1 Qb2# 0-1

[Event "Live Chess"]
[Site "Chess.com"]
[Date "2023.05.21"]
[Round "-"]
[White "Nakula1000"]
[Black "hturner40"]
[Result "1-0"]
[WhiteElo "461"]
[BlackElo "1784"]
[TimeControl "300"]
[EndTime "4:03:36 PDT"]
[Termination "Nakula1000 won by checkmate"]

1. d4 Nf6 2. Nf3 g6 3. c4 Bg7 4. Nc3 d5 5. Bg5 Ne4 6. h4 h6 7.
Bf4 Nxc3 8. bxc3 dxc4 9. e3 c5 10. Bxc4 cxd4 11. exd4 O-O 12. Ne5 Nc6 13. Nxc6 bxc6 14.
Qf3 Qa5 15. O-O Ba6 16. Bxa6 Qxa6 17. Qe3 Qc4 18. Bxh6 Bxh6 19. Qxh6 Qxc3 20. h5 Qxd4 21. hxg6 Qg7 22. gxf7+ Rxf7 23. Qxc6 Raf8 24. Qc4 Qf6 25. Rae1 Kh8 26. Re3 Rh7 27. Qd5 Rg8 28. Rd1 Qh4 29. Qe5+ Rgg7 30. Rd8# 1-0

[Event "Live Chess"]
[Site "Chess.com"]
[Date "2023.05.21"]
[Round "-"]
[White "CheckThis4"]
[Black "apl_trainer"]
[Result "1-0"]
[WhiteElo "2502"]
[BlackElo "1790"]
[TimeControl "300"]
[EndTime "4:04:15 PDT"]
[Termination "CheckThis4 won by resignation"]

1. d4 Nf6 2. Nc3 d5 3. e4 dxe4 4. f3 exf3 5. Nxf3 Bf5 6. Ne5 c6 7. g4 Bg6 8. h4 Be4 9. Nxe4 Nxe4 10. Qf3 Nd6 11. Be3 e6 12. O-O-O Nd7 13. h5 Be7 14. Kb1 Nf6 15. g5 Nd5 16. g6 hxg6 17. hxg6 1-0

[Event "Live Chess"]
[Site "Chess.com"]
[Date "2023.05.21"]
[Round "-"]
[White "chessfiction"]
[Black "SmoothBaron"]
[Result "0-1"]
[WhiteElo "2317"]
[BlackElo "2390"]
[TimeControl "300"]
[EndTime "4:04:34 PDT"]
[Termination "SmoothBaron won by resignation"]

1. d4 f5 2. g4 fxg4 3. e4 d5 4. Nc3 Nf6 5. e5 Ne4 6. Bg2 Nxc3 7.
bxc3 Bf5 8. Rb1 b6 9. Ne2 c6 10. Ng3 Be6 11. c4 dxc4 12. O-O h5 13. f4 Bd5 14. f5 Na6 15. Bg5 Bxg2 16. Kxg2 Qd5+ 17. Kg1 O-O-O 18. Qe2 h4 19. Ne4 Qxd4+ 20. Kh1 Nc5 21. Nxc5 Qxc5 22. Qxg4 h3 23. f6+ Kb7 24. fxe7 Bxe7 25.
Rf7 Qd5+ 26. Qf3 Qxf3+ 27. Rxf3 Bxg5 0-1

[Event "Live Chess"]
[Site "Chess.com"]
[Date "2023.05.21"]
[Round "-"]
[White "Sweet-O"]
[Black "GMMickeyAdams"]
[Result "0-1"]
[WhiteElo "1428"]
[BlackElo "2794"]
[TimeControl "300"]
[EndTime "4:04:40 PDT"]
[Termination "GMMickeyAdams won by resignation"]

1. d4 Nf6 2. Nc3 d5 3. Bf4 a6 4.
e3 c5 5. Nf3 Bg4 6. h3 Bxf3 7.
gxf3 e6 8. Qd3 Nc6 9. O-O-O cxd4 10. exd4 Bd6 11. Bxd6 Qxd6 12. Qe3 O-O-O 13. Rg1 g6 14. Qg5 Nh5 15. Kb1 Kb8 16. Bd3 Nxd4 17. Qe3 Nc6 18. Bxa6 d4 19. Qe2 Nf4 20. Qb5 Qb4 21. Qxb4 Nxb4 22.
Bxb7 Kxb7 23. Nb5 e5 24. Rg5 f6 25. Rgg1 Rd5 26. a3 Rxb5 27. axb4 Rxb4 0-1

[Event "Live Chess"]
[Site "Chess.com"]
[Date "2023.05.21"]
[Round "-"]
[White "misha464"]
[Black "Abde2012"]
[Result "1-0"]
[WhiteElo "753"]
[BlackElo "743"]
[TimeControl "300"]
[EndTime "4:04:42 PDT"]
[Termination "misha464 won by checkmate"]

1. e4 c6 2. Nf3 d5 3. exd5 cxd5 4. Nc3 Bg4 5. h3 Bxf3 6. Qxf3 Nf6 7. d3 g6 8. Bg5 Bg7 9. Bxf6 Bxf6 10. Nxd5 Bg7 11. Be2 Nc6 12. O-O Nd4 13. Qe4 O-O 14. Nc3 Nxc2 15.
Rac1 Nd4 16. Bf3 Nxf3+ 17. Qxf3 Rc8 18. Qxb7 Bxc3 19. Rxc3 Rxc3 20. bxc3 Qa8 21. Qxe7 a5 22. a4 Re8 23. Qf6 Re6 24. Qf3 Qxf3 25. gxf3 Rc6 26. c4 Rc5 27. Re1 f5 28. Re7 Kf8 29. Rxh7 Kg8 30. Ra7 Kf8 31. Kf1 Ke8 32. Ke2 Kd8 33. Ke3 Kc8 34. Kf4 Kb8 35. Rg7 Kc8 36. Kg5 Kd8 37. f4 Ke8 38. Kxg6 Kf8 39. Kf6 Ke8 40.
Ra7 Kd8 41. Ke6 Rc8 42. Kd6 Ke8 43. Ke6 Rc6+ 44. Kxf5 Rc5+ 45. Ke4 Kf8 46. f5 Ke8 47. f6 Kf8 48. h4 Ke8 49. f4 Kf8 50. d4 Rxc4 51. Ke5 Rxa4 52. d5 Ra1 53. d6 a4 54.
Ke6 a3 55. f7 a2 56. Ra8+ Kg7 57. f8=Q+ Kg6 58. Qf5+ Kh6 59. Rh8+ Kg7 60. Qf6# 1-0

[Event "Live Chess"]
[Site "Chess.com"]
[Date "2023.05.21"]
[Round "-"]
[White "MarkLim1"]
[Black "WelshTiger"]
[Result "0-1"]
[WhiteElo "1684"]
[BlackElo "2326"]
[TimeControl "300"]
[EndTime "4:04:52 PDT"]
[Termination "WelshTiger won by resignation"]

1. d4 d5 2. Nf3 e6 3. e3 Nf6 4. Bd3 c5 5. b3 Nc6 6. Bb2 Ne4 7. O-O f5 8. c4 cxd4 9. exd4 Be7 10. Bc3 O-O 11.
Bb2 Bf6 12. Nbd2 Qd6 13. Qe2 Bd7 14. a4 Nb4 15. Ba3 a5 16. c5 Qc7 17. Rfc1 Nc6 18. Ne1 Nxd4 0-1

[Event "Live Chess"]
[Site "Chess.com"]
[Date "2023.05.21"]
[Round "-"]
[White "YrrriKharkiv"]
[Black "LiamClery2020"]
[Result "1/2-1/2"]
[WhiteElo "2061"]
[BlackElo "2003"]
[TimeControl "300"]
[EndTime "4:05:04 PDT"]
[Termination "Game drawn by agreement"]

1. d4 Nf6 2. c4 g6 3. Nc3 d5 4. Qb3 c6 5. Nf3 Bg7 6. Bg5 e6 7. cxd5 exd5 8. e3 O-O 9. Bd3 Nbd7 10. O-O Qb6 11. Qxb6 Nxb6 12. Bxf6 Bxf6 13. b3 Bg4 14.
Nd2 Rfe8 15. h3 Bd7 16. a4 a5 17. Rac1 Be7 18. Ne2 Bb4 19. Nf3 f6 20. Rfd1 Kf7 21.
Ng3 Re7 22. e4 dxe4 23. Nxe4 Rae8 24. Ng3 Nd5 1/2-1/2

[Event "Live Chess"]
[Site "Chess.com"]
[Date "2023.05.21"]
[Round "-"]
[White "Greenbecker"]
[Black "TheSmoulderingMaster"]
[Result "1-0"]
[WhiteElo "1653"]
[BlackElo "1645"]
[TimeControl "300"]
[EndTime "4:05:10 PDT"]
[Termination "Greenbecker won by resignation"]

1. e4 c5 2. Nf3 d6 3. d4 cxd4 4. Nxd4 Nf6 5. Nc3 g6 6. Bc4 Bg7 7. O-O O-O 8. Re1 Nc6 9. Nxc6 bxc6 10. Bg5 Qa5 11. Bd2 Qb6 12. Na4 Qd4 13. b3 Nxe4 14. Be3 Qxa1 15. Qxa1 Bxa1 16. Rxa1 Be6 17. Bd3 d5 18.
Nb2 Rfc8 19. a4 c5 20. f3 Nf6 21. Be2 c4 22. b4 Rd8 23. Bd4 Nd7 24. c3 Bf5 25. Re1 e5 26. Bf2 Nb6 27. a5 Nc8 28.
Bd1 f6 29. Ba4 Ne7 30. Bc5 Nc8 31. Bc6 Rb8 32. Rd1 Be6 33. Nxc4 Bd7 34. Bxd5+ Kg7 35.
Bc6 Bxc6 36. Rxd8 Bb7 37. Nd6 Nxd6 38. Rxb8 1-0

[Event "Live Chess"]
[Site "Chess.com"]
[Date "2023.05.21"]
[Round "-"]
[White "mammamiatwo"]
[Black "tpm07"]
[Result "0-1"]
[WhiteElo "1372"]
[BlackElo "1933"]
[TimeControl "300"]
[EndTime "4:05:10 PDT"]
[Termination "tpm07 won by resignation"]

1. e4 e5 2. Qf3 Nc6 3. Bc4 Nf6 4. c3 Bc5 5. Bb3 O-O 6. h3 Na5 7. Bc2 Bb6 8. d3 d5 9. Ne2 Nc6 10. O-O h6 11. Qg3 Kh8 12. Be3 dxe4 13. dxe4 Qe7 14. Na3 Be6 15. f4 exf4 16. Nxf4 Bd7 17. Bxb6 axb6 18. Bb3 Nxe4 19. Qf3 Nd2 0-1

[Event "Live Chess"]
[Site "Chess.com"]
[Date "2023.05.21"]
[Round "-"]
[White "Duke_of_Bebington"]
[Black "manthanit"]
[Result "1-0"]
[WhiteElo "1578"]
[BlackElo "1087"]
[TimeControl "300"]
[EndTime "4:05:11 PDT"]
[Termination "Duke_of_Bebington won by resignation"]

1. e4 e6 2. d4 d6 3. f4 g6 4. Nf3 Bg7 5. Nc3 Ne7 6. Be3 Nd7 7.
Qd2 h6 8. h4 b6 9. h5 Bb7 10. hxg6 fxg6 11. O-O-O a6 12. g3 d5 13. e5 Nf5 14. Bf2 Qe7 15. g4 Nxd4 16. Nxd4 O-O-O 17. Bd3 g5 18. f5 Bxe5 19. fxe6 Bxd4 20. Bxd4 Rhf8 21.
exd7+ Qxd7 22. Bf5 Qxf5 23. gxf5 Rxf5 24. Rxh6 Rd6 25.
Rxd6 cxd6 26. Rg1 1-0

[Event "Live Chess"]
[Site "Chess.com"]
[Date "2023.05.21"]
[Round "-"]
[White "Mugzwang"]
[Black "sup3rm0nk3y"]
[Result "0-1"]
[WhiteElo "1532"]
[BlackElo "1333"]
[TimeControl "300"]
[EndTime "4:05:19 PDT"]
[Termination "sup3rm0nk3y won by resignation"]

1. Nf3 b6 2. e4 Bb7 3. Qe2 d6 4.
d4 Nd7 5. Nc3 e5 6. d5 Nc5 7. b4 Nd7 8. g3 a5 9. b5 Nc5 10. Bg2 Nf6 11. O-O Be7 12. Bg5 O-O 13.
Bxf6 Bxf6 14. a4 Qe7 15. Nd2 Bg5 16. Nb3 f5 17. Nxc5 dxc5 18. f3 f4 19. g4 Kf7 20.
Qc4 Ke8 21. Rfd1 Kd7 22. Rd2 Rad8 23. Rad1 Kc8 24. Qe2 Rh8 25. Rd3 h5 26. Qd2 hxg4 27. fxg4 f3 28. Qf2 fxg2 29. Qxg2 Bf4 30. h3 Rh6 31. Ne2 Bg5 32. Ng3 g6 33. Rf1 Rdh8 34. Rdf3 Kb8 35. Rf7 Qd8 36. R7f2 Rxh3 37. Qxh3 Rxh3 38.
Rf8 Qxf8 39. Rxf8+ Bc8 40. Rg8 Rxg3+ 41. Kf2 Rxg4 42.
Rxg6 Be3+ 43. Kf3 Rxg6 44. Kxe3 Rg2 0-1

[Event "Live Chess"]
[Site "Chess.com"]
[Date "2023.05.21"]
[Round "-"]
[White "ItsNot_Jasper"]
[Black "Brooms1989"]
[Result "1/2-1/2"]
[WhiteElo "1378"]
[BlackElo "1137"]
[TimeControl "300"]
[EndTime "4:05:26 PDT"]
[Termination "Game drawn by repetition"]

1. d4 Nf6 2. c4 g6 3. Nc3 Bg7 4.
e4 d6 5. f4 Bg4 6. Be2 Bxe2 7.
Qxe2 O-O 8. Nf3 Re8 9. h3 e5 10.
fxe5 dxe5 11. d5 Nbd7 12. Bg5 c6 13. Qe3 cxd5 14. cxd5 Qb6 15. Qxb6 axb6 16. Rd1 h6 17. Be3 Rec8 18. O-O b5 19. a3 Rc4 20. Nd2 Rcc8 21.
Nxb5 Ra6 22. d6 Bf8 23. Nb3 Nxe4 24. Rf3 Nxd6 25. Nxd6 Rxd6 26. Rxd6 Bxd6 27. Bxh6 Bf8 28. Bxf8 Kxf8 29. Nd2 Rc2 30. Ne4 f6 31. Nxf6 Nxf6 32.
Rxf6+ Kg7 33. Rb6 e4 34. Rxb7+ Kf6 35. Kf1 Kf5 36. Ke1 Kf4 37. Kf1 Kg3 38. Rb3+ Kf4 39.
g3+ Ke5 40. Ke1 Kf5 41. Kd1 Rh2 42. h4 Rh3 43. Re3 Rh2 44. b4 Rh1+ 45. Kd2 Rh2+ 46. Re2 Rh3 47. b5 Rxg3 48. b6 Rb3 49. Rf2+ Ke5 50.
b7 Rxb7 51. Rg2 Kf5 52. Ke3 Rb3+ 53. Kf2 Rxa3 54. Kf1 Ra1+ 55. Kf2 Ra2+ 56. Kf1 Rxg2 57. Kxg2 g5 58. hxg5 Kxg5 59. Kg3 Kf5 60. Kf2 Kf4 61. Ke2 e3 62. Ke1 Kf3 63. Kf1 Ke4 64. Ke2 Kf4 65. Kf1 Kf3 66. Ke1 Ke4 67. Ke2 Kf4 1/2-1/2

[Event "Live Chess"]
[Site "Chess.com"]
[Date "2023.05.21"]
[Round "-"]
[White "Conradical12"]
[Black "Misha145Chess"]
[Result "1-0"]
[WhiteElo "1567"]
[BlackElo "622"]
[TimeControl "300"]
[EndTime "4:05:29 PDT"]
[Termination "Conradical12 won by checkmate"]

1. e4 d5 2. exd5 Nf6 3. Nc3 e6 4. d6 Bxd6 5. Nf3 e5 6. Bc4 O-O 7. O-O Bf5 8. d3 e4 9. dxe4 Bxe4 10. Nxe4 Nxe4 11. Qd5 Nf6 12. Qxb7 Re8 13. Qxa8 Re4 14. Bd3 Rf4 15. Bxf4 Bxf4 16. Rad1 Qe7 17. Rfe1 Qb4 18. c3 Qc5 19. b4 Qf8 20. Ne5 g5 21. Bf5 Qh6 22.
Qxb8+ Kg7 23. g3 Bxe5 24. Rxe5 Qh5 25. Rde1 Ng4 26. Bxg4 Qxg4 27. Qd8 h5 28. Rxg5+ Qxg5 29. Qxg5+ Kh7 30. Re7 h4 31. Rxf7+ Kh8 32. Qg7# 1-0